 Dungeon Crawl Stone Soup version 0.24-a0-271-ga0fc33f (webtiles) character file.

Game seed: 1598000003044206299

3274 Syader the Charlatan (level 9, -1/69 HPs)
             Began as a Demonspawn Gladiator on Apr 24, 2019.
             Was a Follower of Ashenzari.
             Slain by a spiny frog (15 damage)
             ... on level 2 of the Lair of Beasts.
             The game lasted 00:28:24 (13153 turns).

Syader the Charlatan (Demonspawn Gladiator)        Turns: 13153, Time: 00:28:25

Health: -1/69      AC:  2    Str: 16    XL:     9   Next: 68%
Magic:  13/13      EV: 22    Int: 11    God:    Ashenzari [*.....]
Gold:   356        SH:  0    Dex: 20    Spells: 4/8 levels left

rFire    . . .     SeeInvis .     - Unarmed
rCold    + + .     Gourm    +   (no shield)
rNeg     + . .     Faith    .   q - +0 robe {rC+}
rPois    .         Spirit   .   (helmet restricted)
rElec    .         Reflect  .   D - scarf {cloud immunity}
rCorr    .         Harm     .   (no gloves)
MR       .....                  (no boots)
Stlth    ++++++....             c - amulet of the gourmand
HPRegen  0.21/turn              h - ring of positive energy (curse)
MPRegen  0.13/turn              i - ring of protection from cold

@: agile, confusing touch, very slightly contaminated
A: antennae 1, claws 1, hooves 1, nightstalker 2, powered by pain 1
a: Curse Item, Scrying, Renounce Religion


You were on level 2 of the Lair of Beasts.
You worshipped Ashenzari.
Ashenzari was aware of your devotion.
You were not hungry.

You visited 3 branches of the dungeon, and saw 14 of its levels.

You collected 356 gold pieces.

Inventory:

Hand Weapons
 a - a +0 quarterstaff
Missiles
 d - a throwing net (quivered)
Armour
 b - a +0 leather armour
 g - a +0 plate armour
 q - a +0 robe of cold resistance (worn)
 u - a +0 ring mail
 B - a +0 cloak
 D - a scarf of cloud immunity (worn)
 E - a +2 robe of fire resistance
Jewellery
 c - an amulet of the gourmand (around neck)
 h - a cursed ring of positive energy (left claw)
 i - a ring of protection from cold (right claw)
 w - an uncursed amulet of harm
 C - an uncursed ring of see invisible
Wands
 l - a wand of digging (7)
 s - a wand of iceblast (4)
Scrolls
 j - a scroll of amnesia {unknown}
 m - 3 scrolls of blinking
 p - 3 scrolls of magic mapping
 t - a scroll of remove curse
 v - 3 scrolls of enchant armour
 x - 5 scrolls of teleportation
Potions
 e - 3 potions of curing
 k - 5 potions of lignification {unknown}
 n - a potion of heal wounds
 o - 2 potions of haste
 r - a potion of berserk rage
 z - 2 potions of magic
 F - a potion of brilliance
Comestibles
 f - 10 rations


   Skills:
 - Level 5.7 Fighting
 - Level 2.6 Staves
 - Level 1.7 Throwing
 - Level 6.4 Dodging
 - Level 6.2 Stealth
 - Level 5.0 Unarmed Combat
 + Level 6.6 Evocations


You had 4 spell levels left.
You knew the following spells:

 Your Spells              Type           Power        Failure   Level  Hunger
a - Apportation           Tloc           #.....       34%         1    ##.....
b - Confusing Touch       Hex            #.....       34%         1    ##.....
c - Slow                  Hex            #.......     47%         2    ###....

Your spell library contained the following spells:

 Spells                   Type           Power        Failure   Level  Hunger
 Animate Skeleton         Necr           N/A          34%         1    ##.....
 Corona                   Hex            #......      34%         1    ##.....
 Summon Small Mammal      Summ           #...         34%         1    ##.....
 Inner Flame              Hex/Fire       #.......     71%         3    ####...
 Portal Projectile        Hex/Tloc       #.....       71%         3    ####...
 Cause Fear               Hex            #.........   98%         4    #####..
 Leda's Liquefaction      Hex/Erth       #.........   98%         4    #####..


Dungeon Overview and Level Annotations

Branches:
Dungeon (11/15)            Temple (1/1) D:5            Lair (2/6) D:8
    Orc (0/2) D:10
  Swamp: Lair:2-4    Shoals: Lair:2-4     Snake: Lair:2-4    Spider: Lair:2-4

Altars:
Ashenzari
Cheibriados
Dithmenos
Elyvilon
Fedhas
Kikubaaqudgha
Makhleb
Okawaru
Qazlal
Ru
Sif Muna
Trog
Uskayaw
Vehumet
Wu Jian
Xom
Yredelemnul
Zin
The Shining One

Annotations:
D:3 Terence
D:4 exclusion: ogre
D:5 exclusion: quasit
D:7 exclusion: hippogriff
D:8 exclusion: orc warrior, Gastronok
D:9 Pikel
D:10 exclusion: bullfrog, Maurice
D:11 exclusion: centaur warrior
Lair:1 exclusions: hydra and spiny frog
Lair:2 exclusion: komodo dragon


Innate Abilities, Weirdness & Mutations

You have a pair of small antennae on your head.
You have sharp fingernails.
You have large cloven feet.
You are significantly more attuned to the shadows.
You sometimes gain a little power by taking damage.


Message History

You barely miss the spiny frog. You kick the spiny frog.
The spiny frog is lightly wounded.
The spiny frog misses you.
You are too injured to fight recklessly!
You scratch the spiny frog but do no damage.
You kick the spiny frog.
The spiny frog is moderately wounded.
The spiny frog seems less confused.
The spiny frog closely misses you.
You claw the spiny frog! You kick the spiny frog.
The spiny frog is heavily wounded.
The spiny frog closely misses you.
Casting: Confusing Touch (safe; 34% risk of failure)
Confirm with . or Enter, or press ? or * to list all spells.
Your claws begin to glow red.
The spiny frog stings you!
* * * LOW HITPOINT WARNING * * *
You focus on the pain.
You feel your power returning.
You scratch the spiny frog but do no damage.
The spiny frog is heavily wounded.
The spiny frog stings you!
You die...

##.......
#........
##......#
#........
##........
#......P..
##.....P...
#....F.....
##..@..#...
#.........§
##.....P..§
##.....#..≈
#.........♣
##........♣
#..........
##.........
#..........


You could see a spiny frog.

Vanquished Creatures
  A troll (D:11)
  A yak (D:9)
  A basilisk (Lair:1)
  Eustachio (D:5)
  2 water moccasins
  3 ogres
  A necrophage (D:5)
  A centaur (D:8)
  2 crocodiles (Lair:1)
  2 big kobolds
  4 bullfrogs
  A wyvern skeleton (D:6)
  3 scorpions
  A wight (D:7)
  4 killer bees (D:9)
  3 howler monkeys
  A crimson imp (D:6)
  A bullfrog zombie (D:6)
  6 hounds
  An orc priest (D:10)
  A jelly (D:9)
  3 orc wizards
  A bullfrog skeleton (D:10)
  A centaur skeleton (D:9)
  2 iguanas
  3 worker ants
  A killer bee zombie (D:6)
  2 worker ant zombies
  20 adders
  3 shadow imps
  An ooze (D:2)
  An adder zombie (D:6)
  2 adder skeletons
  2 worms
  4 dart slugs
  7 leopard geckos
  13 orcs
  3 ball pythons
  3 giant cockroaches
  8 hobgoblins
  17 jackals
  10 kobolds
  3 quokkas
  9 bats
  3 frilled lizards
  4 goblins
  A quokka skeleton (D:5)
  7 rats
175 creatures vanquished.

Notes
Turn   | Place    | Note
-------+----------+-------------------------------------------
     0 | D:1      | Syader the Demonspawn Gladiator began the quest for the
                  | Orb.
     0 | D:1      | Reached XP level 1. HP: 16/16 MP: 1/1
   511 | D:1      | Gained mutation: You have a pair of small antennae on your
                  | head. [demonic ancestry]
   511 | D:1      | Reached XP level 2. HP: 22/22 MP: 2/2
   606 | D:1      | Reached skill level 1 in Stealth
   932 | D:1      | Gained mutation: You are slightly more attuned to the
                  | shadows. [demonic ancestry]
   932 | D:1      | Reached XP level 3. HP: 27/28 MP: 3/3
  1741 | D:2      | Gained mutation: You are significantly more attuned to the
                  | shadows. [demonic ancestry]
  1741 | D:2      | Reached XP level 4. HP: 27/35 MP: 4/4
  1743 | D:2      | Found a basalt altar of Yredelemnul.
  2301 | D:2      | Reached XP level 5. HP: 41/41 MP: 5/5
  2978 | D:3      | Noticed Terence
  3352 | D:3      | Found a glowing silver altar of Zin.
  3757 | D:4      | Found an iron altar of Okawaru.
  3888 | D:4      | Noticed an ogre
  4023 | D:4      | Gained mutation: You sometimes gain a little power by
                  | taking damage. [demonic ancestry]
  4023 | D:4      | Reached XP level 6. HP: 43/48 MP: 6/6
  4585 | D:5      | Entered Level 5 of the Dungeon
  4703 | D:5      | Found a shattered altar of Ashenzari.
  4895 | D:5      | Found a shattered altar of Ashenzari.
  4896 | D:5      | Found a radiant altar of Vehumet.
  4896 | D:5      | Found a white marble altar of Elyvilon.
  5206 | D:5      | Found a bloodstained altar of Trog.
  5206 | D:5      | Found a blossoming altar of Fedhas.
  5207 | D:5      | Found a shadowy altar of Dithmenos.
  5528 | D:5      | Found a staircase to the Ecumenical Temple.
  5534 | Temple   | Entered the Ecumenical Temple
  5682 | D:5      | Became a worshipper of Ashenzari the Shackled
  5885 | D:5      | Reached XP level 7. HP: 55/55 MP: 7/7
  6132 | D:6      | Noticed Eustachio
  6147 | D:5      | Killed Eustachio
  6147 | D:5      | Reached skill level 5 in Fighting
  6147 | D:5      | Reached skill level 5 in Dodging
  6218 | D:6      | Learned a level 1 spell: Apportation
  6249 | D:6      | HP: 1/56 [wyvern skeleton (13)]
  7218 | D:6      | Reached skill level 5 in Stealth
  7218 | D:6      | Gained mutation: You have sharp fingernails. [demonic
                  | ancestry]
  7218 | D:6      | Reached XP level 8. HP: 53/64 MP: 8/8
  7434 | D:6      | Reached skill level 1 in Unarmed Combat
  8096 | D:7      | Noticed a hippogriff
  8208 | D:8      | Found a staircase to the Lair.
  8570 | D:8      | Noticed Gastronok
  8843 | D:8      | Found a burning altar of Makhleb.
  8933 | D:8      | Reached skill level 5 in Unarmed Combat
  9663 | D:9      | Noticed a two-headed ogre
  9683 | D:9      | Noticed Pikel
 10020 | D:9      | Gained mutation: You have large cloven feet. [demonic
                  | ancestry]
 10020 | D:9      | Reached XP level 9. HP: 14/69 MP: 9/9
 10805 | D:10     | Entered Level 10 of the Dungeon
 10816 | D:10     | Reached skill level 1 in Evocations
 10824 | D:10     | Learned a level 1 spell: Confusing Touch
 10827 | D:10     | Learned a level 2 spell: Slow
 10997 | D:11     | Noticed a centaur warrior
 11054 | D:11     | Noticed a manticore
 11065 | D:11     | Noticed a troll
 11275 | D:10     | Noticed Maurice
 11358 | D:10     | Reached * piety under Ashenzari
 12048 | D:10     | Found a staircase to the Orcish Mines.
 12147 | D:11     | Noticed a troll
 12160 | D:11     | Killed a troll
 12254 | D:11     | Noticed a troll
 12431 | Lair:1   | Entered Level 1 of the Lair of Beasts
 12439 | Lair:1   | Reached skill level 5 in Evocations
 12825 | Lair:1   | Identified a scroll of acquirement
 12855 | Lair:1   | Noticed a five-headed hydra
 12855 | Lair:1   | Noticed a spiny frog
 12893 | Lair:2   | Noticed a komodo dragon
 12925 | Lair:2   | Noticed a spiny frog
 13031 | Lair:2   | Noticed a spiny frog
 13153 | Lair:2   | Slain by a spiny frog

Levels and vault maps discovered:
D:1:      dpeg_arrival_rhombi, layout_basic, eino_curves_03, st_stairs_11
D:2:      layout_basic, nicolae_overflow_crystal_walls, first_ration,
          item_on_display_a
D:3:      layout_loops_corners, zin_statuary, uniq_terence
D:4:      layout_cave_pools, lemuel_round_altar
D:5:      layout_loops_ring, grunt_temple_overflow_opulence,
          grunt_temple_overflow_open, minmay_temple_entry_enclosed_plants,
          cheibrodos_ashenzari_chains
D:6:      layout_rooms, uniq_eustachio
D:7:      layout_layer_cave, kennysheep_mini, grunt_ogre_cave
D:8:      layout_loops_ring, makhleb_heckhound_becter, lair_entry_dummy,
          uniq_gastronok
D:9:      layout_basic, uniq_pikel
D:10:     layout_rooms, erik_orc_1, eino_jars, uniq_maurice
D:11:     cheibrodos_fzero, layout_loops_ring
Temple:   compressed_dpeg_triangle_lava_temple
Lair:1:   layout_regular_city, nicolae_quartered_pool_super,
          eino_small_chamber_without_monster, infiniplex_staircase_pool
Lair:2:   layout_chaotic_city, skrybe_swamp_entry_bodies

Skill      XL: |  1  2  3  4  5  6  7  8  9 |
---------------+----------------------------+-----
Dodging        | 3 4 5 6 |  6.4
Stealth        | 1 2 3 4 5 6 |  6.2
Fighting       | 3 4 5 |  5.7
Unarmed Combat | 5 |  5.0
Evocations     | 6 |  6.6
Staves         | |  2.6
Throwing       | |  1.7

Action                   |  1- 3 |  4- 6 |  7- 9 || total
-------------------------+-------+-------+-------++-------
Melee: Quarterstaff      |    95 |   246 |    90 ||   431
       Unarmed           |       |       |   325 ||   325
       Punch             |       |       |     9 ||     9
       Kick              |       |       |    34 ||    34
Throw: Throwing net      |       |     1 |     4 ||     5
 Cast: Confusing Touch   |       |       |     3 ||     3
Invok: Curse Item        |       |       |     1 ||     1
Evoke: Wand              |       |       |    16 ||    16
  Use: Potion            |     2 |       |     1 ||     3
       Scroll            |       |     8 |    11 ||    19
 Stab: Sleeping          |     5 |    17 |    21 ||    43
       Held in net/web   |       |     2 |     1 ||     3
       Distracted        |       |       |     4 ||     4
       Confused          |       |       |     3 ||     3
  Eat: Chunk             |     2 |    14 |    20 ||    36
       Ration            |       |       |     1 ||     1
Armor: Leather armour    |    33 |    18 |       ||    51
       Robe              |       |    13 |    37 ||    50
Dodge: Dodged            |    82 |   197 |   295 ||   574

Table legend:
 A = Non-vault XP
 B = Vault XP
 C = Vault XP percentage of total XP
 D = Non-vault monster count
 E = Vault monster count
 F = Vault count percentage of total count
                 A         B        C        D         E       F
            +---------+---------+-------+---------+---------+-------
      Total |    4242 |     436 |   9.3 |     162 |      13 |   7.4
            +---------+---------+-------+---------+---------+-------
        D:1 |      40 |       6 |  13.0 |      21 |       3 |  12.5
        D:2 |     173 |       0 |   0.0 |      30 |       0 |   0.0
        D:3 |      33 |       0 |   0.0 |      11 |       0 |   0.0
        D:4 |     192 |       0 |   0.0 |      10 |       0 |   0.0
        D:5 |     343 |     181 |  34.5 |      19 |       1 |   5.0
        D:6 |     521 |       0 |   0.0 |      18 |       0 |   0.0
        D:7 |     287 |       0 |   0.0 |       6 |       0 |   0.0
        D:8 |     588 |      40 |   6.4 |      20 |       1 |   4.8
        D:9 |     676 |       0 |   0.0 |      14 |       0 |   0.0
       D:10 |     296 |     209 |  41.4 |       6 |       8 |  57.1
       D:11 |     383 |       0 |   0.0 |       2 |       0 |   0.0
     Lair:1 |     557 |       0 |   0.0 |       4 |       0 |   0.0
     Lair:2 |     153 |       0 |   0.0 |       1 |       0 |   0.0
            +---------+---------+-------+---------+---------+-------
